 Dungeon Crawl Stone Soup version 0.28.0-47-ge53b351184 (webtiles) character file.

Game seed: 2815903076831913754

3822 101zpm the Thaumaturge (level 10, -1/62 HPs)
             Began as a Djinni Fire Elementalist on May 8, 2022.
             Killed by an exploding kobold brigand (18 damage)
             ... ignited by their inner flame
             ... on level 9 of the Dungeon.
             The game lasted 00:16:23 (11696 turns).

101zpm the Thaumaturge (Djinni Fire Elementalist)  Turns: 11696, Time: 00:16:24

Health: -1/62      AC:  4    Str:  7    XL:     10   Next: 40%
Gold:   490        EV: 13    Int: 26    God:
                   SH:  0    Dex: 15

rFire   + + .      SeeInvis .   (no weapon)
rCold   x . .      Faith    .   (no shield)
rNeg    . . .      Spirit   .   a - +0 robe
rPois   ∞          Reflect  .   (no helmet)
rElec   .          Harm     .   h - +1 cloak
rCorr   .          Rampage  .   (no gloves)
Will    +....                   (boots unavailable)
Stlth   ++........              (no amulet)
HPRegen 0.20/turn               f - +6 ring of intelligence
MPRegen 0.00/turn               (no ring)

@: flying
A: sickness immunity, fire resistance 2, cold vulnerability 1, float, innate
caster, HP casting, extra vitality 1
a: no special abilities


You were on level 9 of the Dungeon.
You visited 1 branch of the dungeon, and saw 9 of its levels.

You collected 490 gold pieces.

Inventory:

Armour
 a - a +0 robe (worn)
 h - a +1 cloak (worn)
Jewellery
 f - a +6 ring of intelligence (left hand)
 g - an amulet of faith
 l - a ring of ice
 u - a +6 ring of dexterity
Wands
 m - a wand of flame (52)
 p - a wand of polymorph (7)
 t - a wand of iceblast (13)
 v - a wand of digging (5)
Scrolls
 e - a scroll of holy word {unknown}
 j - a scroll of vulnerability
 n - a scroll of brand weapon
 o - a scroll of amnesia
 w - a scroll of fog
 x - a scroll of teleportation {unknown}
Potions
 b - a potion of resistance {unknown}
 c - a potion of ambrosia {unknown}
 d - 3 potions of heal wounds {unknown}
 i - a potion of flight {unknown}
 k - 2 potions of brilliance {unknown}
 q - 2 potions of lignification {unknown}
 r - 5 potions of curing {unknown}
 s - a potion of attraction {unknown}
 z - a potion of might {unknown}
 A - a potion of mutation {unknown}
 B - 2 potions of invisibility {unknown}
 C - a potion of berserk rage {unknown}


   Skills:
 + Level 1.2 Fighting
 + Level 3.1 Dodging
 + Level 3.4 Stealth
 + Level 10.8 Spellcasting


You had 7 spell levels left.
You knew the following spells:

 Your Spells              Type           Power      Damage    Failure   Level
a - Foxfire               Conj/Fire      100%       2x1d9     1%          1
b - Scorch                Fire           100%       2d10      1%          2
c - Conjure Flame         Conj/Fire      63%        6-21      1%          3
d - Inner Flame           Hex/Fire       63%        N/A       1%          3
e - Flame Wave            Conj/Fire      63%        2d12      1%          4
f - Sandblast             Erth           100%       2d20      1%          1
g - Poisonous Vapours     Pois/Air       100%       N/A       1%          2
h - Frozen Ramparts       Ice            100%       1d12      1%          3
i - Airstrike             Air            31%        N/A       1%          4
Your spell library was empty.

Dungeon Overview and Level Annotations

Branches:
Dungeon (9/15)             Temple (0/1) D:7
   Lair: D:8-11         Orc: D:9-12

Altars:
Ashenzari
Gozag
Makhleb
Okawaru
Qazlal
Ru
Sif Muna
Uskayaw
Xom
Zin

Shops:
D:2 =   D:5 [   D:7 (

Annotations:
D:8 2 transporters, CryoSword's ghost, novice VSCK


Innate Abilities, Weirdness & Mutations

You are immune to sickness and miasma.
You are immune to poison.
Your flesh is very heat resistant. (rF++)
You are vulnerable to cold. (rC-)
You float through the air rather than walking.
You learn spells naturally, not from books.
Your magical power is your life essence.
You have superior vitality. (+4 MHP)


Message History

Flames lash the orc warrior.
The orc warrior is burned terribly!
The orc warrior explodes!
You hear a shout!
A kobold brigand comes into view.
It is wielding a +0 club and quivering curare-tipped darts.
Casting: Scorch (safe; 1% risk of failure)
Confirm with . or Enter, or press ? or * to list all spells.
Aiming: Inner Flame (safe; 1% risk of failure)
Press: ? - help, Dir - move target, f - kobold brigand
Aim: a kobold brigand, wielding a +0 club and quivering curare-tipped darts (chance to affect: 96%)
The kobold brigand is filled with an inner flame.
The wyvern hisses menacingly.
You conjure some foxfire!
The wyvern misses you.
Casting: Foxfire (safe; 1% risk of failure)
Confirm with . or Enter, or press ? or * to list all spells.
Aiming: Inner Flame (safe; 1% risk of failure)
Press: ? - help, Dir - move target, f - wyvern
Aim: a wyvern (ally target, chance to affect: 96%)
The wyvern is filled with an inner flame.
The foxfire hits the kobold brigand but does no damage.
The wyvern bites you.
Casting: Foxfire (safe; 1% risk of failure)
Press: ? - help, Q - select action, (/) - cycle Dir - look around, f - activate You conjure some foxfire!
The foxfire hits the kobold brigand!
Flame seeps out of the kobold brigand.
The kobold brigand is moderately wounded.
The wyvern bites you!
* * * LOW HITPOINT WARNING * * *
The wyvern bites you but does no damage.
The kobold brigand is engulfed in blazing flames.
Flame seeps out of the kobold brigand.
Your foxfire dissipates!
The foxfire hits the wyvern!
Flame seeps out of the wyvern.
The wyvern is moderately wounded.
The wyvern is engulfed in blazing flames.
Flame seeps out of the wyvern.
The kobold brigand is engulfed in blazing flames.
The kobold brigand explodes!
The fiery explosion engulfs the wyvern!!!
The fiery explosion engulfs you!! You resist.
You die...

.. ##....(. ..
...... . ###.....
...... ... .. ...).
.... ##...# ##○§#
...... .....#
#.☼§##...... ......
######§@#.....#
#....#
.#...#○)#.....# ##
......
.............###..
......
....##.......#...
...... ..#
##.........# #...#
. #..........#
#.... #..#.....###
#.... ####.....#
..###..
#......######.###..


There were no monsters in sight!

Vanquished Creatures
  A two-headed ogre (D:6)
  A deep elf zephyrmancer (D:7)
  Prince Ribbit (D:8)
  A wyvern (D:9)
  2 water moccasins
  An orc warrior (D:9)
  A black bear (D:5)
  2 sky beasts
  A necrophage (D:6)
  3 centaurs
  A phantom (D:3)
  4 kobold brigands
  2 bullfrogs
  A water moccasin zombie (D:5)
  A wyvern zombie (D:9)
  A water moccasin skeleton (D:7)
  8 killer bees
  2 howler monkeys
  A jelly (D:6)
  4 centaur zombies
  A hound (D:2)
  A gnoll shaman (D:8)
  A centaur skeleton (D:7)
  Ijyb (D:4)
  A bullfrog skeleton (D:7)
  2 iguanas
  3 orc wizards
  A scorpion zombie (D:5)
  A hound skeleton (D:4)
  10 gnolls
  2 adders
  3 howler monkey skeletons
  A white imp (D:6)
  An ufetubus (D:5)
  A worm (D:4)
  A dart slug (D:3)
  21 orcs
  4 bats
  3 endoplasms
  3 giant cockroaches
  9 goblins
  3 hobgoblins
  9 jackals
  10 kobolds
  3 quokkas
  3 ball pythons (D:2)
  2 frilled lizards (D:3)
  5 rats
145 creatures vanquished.

Vanquished Creatures (collateral kills)
  A foxfire (D:3)
1 creature vanquished.

Vanquished Creatures (others)
  801 foxfires
  6 plants (D:8)
807 creatures vanquished.

Grand Total: 953 creatures vanquished

Notes
Turn   | Place    | Note
-------+----------+-------------------------------------------
     0 | D:1      | 101zpm the Djinni Fire Elementalist began the quest for the
                  | Orb.
     0 | D:1      | Reached XP level 1. HP: 15/15 MP: 0/0
   196 | D:1      | Reached XP level 2. HP: 2/21 MP: 0/0
   556 | D:2      | Found a broken altar of Ashenzari.
   664 | D:2      | Found Egecakya's Jewellery Shoppe.
  1638 | D:2      | Reached XP level 3. HP: 20/25 MP: 0/0
  1638 | D:2      | Learned a level 1 spell: Sandblast
  1753 | D:2      | Reached skill level 3 in Spellcasting
  2308 | D:2      | Reached XP level 4. HP: 23/31 MP: 0/0
  3034 | D:3      | Noticed a phantom
  3037 | D:3      | Killed a phantom
  3038 | D:3      | Reached skill level 4 in Spellcasting
  3038 | D:3      | Reached XP level 5. HP: 23/35 MP: 0/0
  3038 | D:3      | Learned a level 2 spell: Poisonous Vapours
  3289 | D:3      | Noticed a bullfrog
  3294 | D:3      | Killed a bullfrog
  3295 | D:3      | Reached XP level 6. HP: 31/41 MP: 0/0
  3433 | D:3      | Found a faded altar of an unknown god.
  3604 | D:3      | Found a burning altar of Makhleb.
  4563 | D:4      | Reached skill level 5 in Spellcasting
  4572 | D:4      | Reached XP level 7. HP: 16/46 MP: 0/0
  4572 | D:4      | Learned a level 3 spell: Frozen Ramparts
  5094 | D:4      | Found a hide-covered altar of Uskayaw.
  5199 | D:4      | Noticed Ijyb
  5205 | D:4      | Killed Ijyb
  5637 | D:5      | Entered Level 5 of the Dungeon
  5719 | D:5      | Found a sacrificial altar of Ru.
  6025 | D:5      | Noticed a water moccasin
  6030 | D:5      | Killed a water moccasin
  6031 | D:5      | Reached skill level 6 in Spellcasting
  6219 | D:5      | Found a stormy altar of Qazlal.
  6244 | D:5      | Reached XP level 8. HP: 35/51 MP: 0/0
  6438 | D:5      | Found Konnam's Antique Armour Emporium.
  6486 | D:5      | Found an opulent altar of Gozag.
  6829 | D:5      | Identified the +1 robe of the Game of Life {-Cast +Blink
                  | Str+3}
  6887 | D:5      | Found an iron altar of Okawaru.
  7157 | D:6      | Noticed a two-headed ogre
  7165 | D:6      | Killed a two-headed ogre
  7166 | D:6      | Reached skill level 1 in Fighting
  7166 | D:6      | Reached skill level 7 in Spellcasting
  7166 | D:6      | Reached XP level 9. HP: 44/57 MP: 0/0
  7166 | D:6      | Learned a level 4 spell: Airstrike
  7421 | D:6      | Found a shimmering altar of Xom.
  7542 | D:6      | Reached skill level 8 in Spellcasting
  8702 | D:7      | Noticed a deep elf zephyrmancer
  8706 | D:7      | Killed a deep elf zephyrmancer
  8707 | D:7      | Reached skill level 9 in Spellcasting
  9154 | D:7      | Found a staircase to the Ecumenical Temple.
  9251 | D:7      | Found Hidamepp's Weapon Shoppe.
 10089 | D:7      | Reached XP level 10. HP: 55/62 MP: 0/0
 10289 | D:8      | Noticed Prince Ribbit
 10298 | D:8      | Killed Prince Ribbit
 10299 | D:8      | Reached skill level 10 in Spellcasting
 10632 | D:8      | Found a transporter.
 10633 | D:8      | Found a transporter.
 11201 | D:8      | Found a glowing silver altar of Zin.
 11266 | D:8      | Noticed CryoSword's ghost (novice VSCK)
 11696 | D:9      | Killed by an exploding kobold brigand... ignited by their
                  | inner flame

Illustrated notes

Levels and vault maps discovered:
D:1:      lightli_arrival_statue_moat, layout_loops_ring, minmay_surrounded
D:2:      layout_loops_ring, basic_altar, serial_shops,
          nicolae_shop_competitors_out_of_business, kennysheep_cluttered_room,
          hangedman_glass_teeth, st_stairs_2
D:3:      layout_loops_ring, bloody_makhleb, shapermc_ecumenical_altar_ellora,
          roderic_lattice_a, small_statue_intersection,
          nicolae_elevator_lobby_asterisk
D:4:      layout_basic, mainiacjoe_overflow_brackets, uniq_ijyb
D:5:      layout_cave_pods, okawaru_metal_pillars_1_2,
          nicolae_qazlal_general_emergency, mainiacjoe_overflow_cross_hatched,
          nicolae_ru_awakened_eye, serial_shops, kennysheep_little_box
D:6:      layout_loops_corners, amcnicky_altar_gilded
D:7:      layout_basic, lemuel_round_altar,
          minmay_temple_entry_statues_fountains, serial_shops, shop,
          lightli_bailey_entry_fortress, guppyfry_early_elven_hall
D:8:      layout_loops_ring, zin_scriptorium, gammafunk_ghost_gnarly_gnolls,
          hangedman_decor_clover_reticule, uniq_prince_ribbit1
D:9:      layout_cave_pools, minmay_between

Skill      XL: |  1  2  3  4  5  6  7  8  9 10 |
---------------+-------------------------------+-----
Spellcasting   | 3 4 5 6 7 9 10 | 10.8
Stealth        | 2 3 |  3.4
Dodging        | 3 |  3.1
Fighting       | 1 |  1.2

Action                   |  1- 3 |  4- 6 |  7- 9 | 10-12 || total
-------------------------+-------+-------+-------+-------++-------
Melee: Unarmed           |     1 |       |       |       ||     1
 Cast: Foxfire           |   107 |    73 |   259 |    81 ||   520
       Scorch            |     2 |     8 |    13 |    11 ||    34
       Inner Flame       |       |    17 |    53 |    21 ||    91
       Poisonous Vapours |       |     2 |     9 |       ||    11
       Frozen Ramparts   |       |       |     1 |       ||     1
  Use: Scroll            |       |       |     4 |       ||     4
Armor: Robe              |     4 |     7 |     3 |     2 ||    16
Dodge: Dodged            |     6 |     4 |    10 |     4 ||    24
